 Dungeon Crawl Stone Soup version 0.22-a0-580-gd5db89c (webtiles) character file.

37 KainKenai the Grave Robber (level 3, 24/24 HPs)
             Began as a Mummy Necromancer on June 14, 2018.
             Quit the game on level 2 of the Dungeon on July 3, 2018.
             The game lasted 00:09:44 (1286 turns).

KainKenai the Grave Robber (Mummy Necromancer)      Turns: 1286, Time: 00:09:45

Health: 24/24      AC:  6    Str: 11    XL:     3   Next: 21%
Magic:  6/7        EV: 12    Int: 15    God:
Gold:   66         SH:  0    Dex: 12    Spells: 6/8 levels left

rFire    x . .     SeeInvis .   (no weapon)
rCold    + . .     Gourm    .   (no shield)
rNeg     + + +     Faith    .   a - +0 robe
rPois    ∞         Spirit   .   (no helmet)
rElec    .         Reflect  .   (no cloak)
rCorr    .         Harm     .   (no gloves)
MR       .....                  (no boots)
Stlth    ++........             (no amulet)
HPRegen  0.08/turn              b - +4 ring of protection
MPRegen  0.10/turn              (no ring)

@: no status effects
A: no food or potions, fire vulnerability, cold resistance 1, negative energy
resistance 3, torment resistance, unbreathing
a: no special abilities


You were on level 2 of the Dungeon.
You were not hungry.

You visited 1 branch of the dungeon, and saw 2 of its levels.

You collected 66 gold pieces.

Inventory:

Armour
 a - a +0 robe (worn)
Jewellery
 b - a +4 ring of protection (left hand)
Scrolls
 c - 3 scrolls of identify {unknown}
 d - a scroll of immolation {unknown}


   Skills:
 + Level 1.8 Dodging
 + Level 2.0 Stealth
 + Level 3.0 Spellcasting
 + Level 4.6 Necromancy


You had 6 spell levels left.
You knew the following spells:

 Your Spells              Type           Power        Failure   Level  Hunger
a - Pain                  Necr           ###.         3%          1    N/A
b - Animate Skeleton      Necr           N/A          3%          1    N/A

Your spell library contained the following spells:

 Spells                   Type           Power        Failure   Level  Hunger
 Animate Dead             Necr           N/A          28%         4    N/A
 Vampiric Draining        Necr           ###.......   9%          3    N/A
 Regeneration             Chrm/Necr      #.........   22%         3    N/A

Dungeon Overview and Level Annotations

Branches:
Dungeon (2/15)

Altars:


Innate Abilities, Weirdness & Mutations

You do not eat or drink.
Your flesh is vulnerable to fire.
You are immune to poison.
Your flesh is cold resistant. (rC+)
You are immune to negative energy. (rN+++)
You are immune to unholy pain and torment.
You can survive without breathing.


Message History

Done exploring.
No monsters, items or features are visible.
You can't go down here!
There is a stone staircase leading down here.
You climb downwards.
There is a stone staircase leading up here.
A frilled lizard comes into view.
The frilled lizard hisses angrily.
The frilled lizard closely misses you.
Casting: Pain (safe; 3% risk of failure)
Confirm with . or Enter, or press ? or * to list all spells.
Aiming: Pain (safe; 3% risk of failure)
Press: ? - help, Shift-Dir - straight line, f - frilled lizard
Aim: a frilled lizard (chance to defeat MR: 87%)
The frilled lizard writhes in agony!
You kill the frilled lizard!
Okay, then.
Welcome back, KainKenai the Mummy Necromancer.
Press ? for a list of commands and other information.
Are you sure you want to abandon this character and quit the game? (Confirm with "yes".)

########
#<.....#
######@#
......†.#
#########


There were no monsters in sight!

Vanquished Creatures
  2 leopard geckos (D:1)
  4 bats (D:1)
  5 giant cockroaches (D:1)
  3 goblins (D:1)
  2 hobgoblins (D:1)
  6 jackals (D:1)
  A frilled lizard (D:2)
  A kobold (D:1)
  2 rats (D:1)
26 creatures vanquished.

Vanquished Creatures (collateral kills)
  2 hobgoblins (D:1)
  2 jackals (D:1)
  A bat (D:1)
5 creatures vanquished.

Grand Total: 31 creatures vanquished

Notes
Turn   | Place    | Note
-------+----------+-------------------------------------------
     0 | D:1      | KainKenai the Mummy Necromancer began the quest for the Orb.
     0 | D:1      | Reached XP level 1. HP: 13/13 MP: 4/4
     2 | D:1      | Learned a level 1 spell: Animate Skeleton
   261 | D:1      | Reached XP level 2. HP: 19/19 MP: 1/5
   962 | D:1      | Reached XP level 3. HP: 23/24 MP: 5/7
  1286 | D:2      | Upgraded the game from 0.22-a0-479-gc6e99f3 to 0.22-a0-580-gd5db89c
  1286 | D:2      | Quit the game

Vault maps used:
D:1:      roderic_crossed_star
D:2:      lemuel_crystal_altar, nicolae_qazlal_style_of_elements

Skill      XL: |  1  2  3 |
---------------+----------+-----
Spellcasting   | 3 |  3.0
Stealth        | 2 |  2.0
Dodging        | |  1.8
Necromancy     | |  4.6

Action                   || total
-------------------------++-------
Melee: Unarmed           ||    65
 Cast: Pain              ||    39
       Animate Skeleton  ||    11
 Stab: Sleeping          ||     1
Armor: Robe              ||    34
Dodge: Dodged            ||    73

Table legend:
 A = Spawn XP
 B = Non-spawn XP
 C = Spawn XP percentage of total XP
 D = Spawn monster count
 E = Non-spawn monster count
 F = Spawn count percentage of total count
 G = Total turns spent on level
                    A         B        C        D         E        F      G
               +---------+---------+-------+---------+---------+-------+---------
         Total |       0 |      53 |   0.0 |       0 |      31 |   0.0 |  1286
               +---------+---------+-------+---------+---------+-------+---------
           D:1 |       0 |      52 |   0.0 |       0 |      30 |   0.0 |  1279
           D:2 |       0 |       1 |   0.0 |       0 |       1 |   0.0 |     7
               +---------+---------+-------+---------+---------+-------+---------
